 Dungeon Crawl Stone Soup version 0.27.1-34-g3ba077fa99 (webtiles) character file.

Game seed: 10226067747650169490

340 alasdair19 the Covered (level 6, -1/53 HPs)
             Began as a Minotaur Fighter on Feb 5, 2022.
             Slain by a kobold (17 damage)
             ... on level 7 of the Dungeon.
             The game lasted 00:05:59 (3481 turns).

alasdair19 the Covered (Minotaur Fighter)           Turns: 3481, Time: 00:06:00

Health: -1/53      AC: 13    Str: 21    XL:     6   Next: 30%
Magic:  5/5        EV:  6    Int:  6    God:
Gold:   89         SH:  9    Dex: 10    Spells: 5/5 levels left

rFire    . . .     SeeInvis .   e - +0 long sword
rCold    . . .     Faith    .   c - +0 kite shield
rNeg     . . .     Spirit   .   s - +0 chain mail
rPois    .         Reflect  .   (helmet restricted)
rElec    .         Harm     .   (no cloak)
rCorr    +         Rampage  .   (no gloves)
Will     .....                  o - +2 pair of boots
Stlth    ..........             (no amulet)
HPRegen  0.17/turn              k - ring of flight
MPRegen  0.09/turn              r - ring of resist corrosion

@: flying
A: horns 2, retaliatory headbutt
a: no special abilities


You were on level 7 of the Dungeon.
You visited 1 branch of the dungeon, and saw 5 of its levels.

You collected 89 gold pieces.

Inventory:

Hand Weapons
 e - a +0 long sword (weapon)
 q - a +0 hunting sling
Missiles
 a - 53 sling bullets
Armour
 c - a +0 kite shield (worn)
 o - a +2 pair of boots (worn)
 s - a +0 chain mail (worn)
Jewellery
 k - a ring of flight (left hand)
 r - a ring of resist corrosion (right hand)
Wands
 l - a wand of polymorph (6)
Scrolls
 g - a scroll of blinking {unknown}
 h - a scroll of enchant weapon {unknown}
 n - a scroll of fear {unknown}
 p - a scroll of summoning
Potions
 d - 2 potions of might
 i - a potion of attraction
 m - a potion of curing


   Skills:
 + Level 4.7 Fighting
 + Level 4.5 Long Blades
 + Level 1.6 Slings
 + Level 5.2 Armour
 - Level 1.2 Dodging
 - Level 0.2 Stealth
 + Level 4.8 Shields
 * Level 0.7 Evocations


You had 5 spell levels left.
You didn't know any spells.
Your spell library was empty.

Dungeon Overview and Level Annotations

Branches:
Dungeon (4/15)
 Temple: D:4-7

Altars:


Innate Abilities, Weirdness & Mutations

You have a pair of horns on your head.
You reflexively headbutt those who attack you in melee.


Message History

The kobold barely misses your necrophage.
The kobold brigand hits your necrophage with a +0 short sword.
Your wyvern bites the kobold brigand!
Things that are here:
a +0 dagger; a kobold corpse You slash the kobold!
You kill the kobold!
Your wyvern closely misses the kobold brigand.
You block the kobold's attack.
The kobold brigand hits your necrophage with a +0 short sword!
Your necrophage hits the kobold but does no damage.
Your wyvern bites the kobold brigand!
The kobold hits you but does no damage.
You are electrocuted!
The kobold hits you with a +0 dagger.
You closely miss the kobold.
Your wyvern closely misses the kobold brigand.
The kobold brigand misses your wyvern.
Your necrophage closely misses the kobold.
You block the kobold's attack. x2; Your wyvern bites the kobold brigand!
The kobold brigand dies!
You hit the kobold.
You headbutt the kobold, but do no damage.
The kobold is severely wounded.
Your necrophage barely misses the kobold.
You block the kobold's attack.
The orc wizard casts a spell.
The orc wizard flickers and vanishes!
The kobold hits you but does no damage.
The orc warrior hits you from afar with a +0 glaive!
Your necrophage closely misses the kobold.
You barely miss the kobold.
The kobold is severely wounded.
The kobold hits you but does no damage. x2
The orc warrior hits you from afar with a +0 glaive!
Your necrophage closely misses the kobold.
You block the kobold's attack. x2
You closely miss the kobold.
The kobold is severely wounded.
The orc warrior hits you but does no damage.
Your necrophage barely misses the kobold.
The kobold hits you but does no damage.
You are electrocuted!
You die...

#.
....############
#.....K@lZ.....##
#..###KnZ#####..##
###o# ##..# #{s
##(# ###o .# .. ..
.. ... ... ##..
... ...


You could see an orc warrior, a scorpion, an orc, 2 kobolds, a friendly wyvern
(summoned), a friendly necrophage (summoned), a friendly bullfrog zombie
(summoned) and a friendly howler monkey skeleton (summoned).

Vanquished Creatures
  An ogre (D:3)
  2 hounds
  Natasha (twice) (D:3)
  A killer bee zombie (D:4)
  3 adders
  A worm (D:3)
  2 dart slugs
  2 orcs (D:3)
  4 endoplasms
  7 giant cockroaches
  5 hobgoblins
  4 jackals (D:2)
  3 quokkas
  4 ball pythons
  4 bats
  3 frilled lizards
  2 goblins
  5 kobolds
  2 rats
57 creatures vanquished.

Vanquished Creatures (collateral kills)
  A kobold brigand (D:7)
  A kobold (D:7)
2 creatures vanquished.

Grand Total: 59 creatures vanquished

Notes
Turn   | Place    | Note
-------+----------+-------------------------------------------
     0 | D:1      | alasdair19 the Minotaur Fighter began the quest for the
                  | Orb.
     0 | D:1      | Reached XP level 1. HP: 19/19 MP: 0/0
   609 | D:1      | Reached XP level 2. HP: 27/27 MP: 1/1
   840 | D:1      | Reached skill level 4 in Armour
  1048 | D:1      | Found a faded altar of an unknown god.
  1569 | D:2      | Reached XP level 3. HP: 33/33 MP: 2/2
  1811 | D:2      | Reached XP level 4. HP: 39/40 MP: 3/3
  2726 | D:3      | Noticed Natasha
  2732 | D:3      | Killed Natasha
  2733 | D:3      | Reached skill level 1 in Dodging
  2821 | D:3      | Noticed Natasha
  2828 | D:3      | Killed Natasha
  2829 | D:3      | Reached XP level 5. HP: 47/47 MP: 4/4
  3044 | D:3      | Noticed an ogre
  3055 | D:3      | Killed an ogre
  3056 | D:3      | Reached skill level 1 in Slings
  3056 | D:3      | Reached skill level 5 in Armour
  3255 | D:4      | Reached XP level 6. HP: 46/53 MP: 5/5
  3459 | D:4      | You are sucked into a shaft and drop 3 floors!
  3470 | D:7      | Noticed an orc warrior
  3481 | D:7      | Slain by a kobold

Illustrated notes

Levels and vault maps discovered:
D:1:      wheals_arrival_shading, layout_basic, chequers_ecumenical_altar_simple
D:2:      layout_basic, roderic_lattice_a
D:3:      layout_loops_ring, minmay_misc_feat_square, uniq_natasha
D:4:      layout_cave_pools, corexii_hall_statues_i
D:7:      layout_rooms, minmay_temple_entry_poolview, serial_shops,
          nicolae_lakefront_shop, nicolae_shop_statue_plus

Skill      XL: |  1  2  3  4  5 |
---------------+----------------+-----
Armour         | 4 5 |  5.2
Fighting       | 4 |  4.7
Shields        | 4 |  4.8
Long Blades    | 3 4 |  4.5
Dodging        | 1 |  1.2
Slings         | 1 |  1.6
Stealth        | |  0.2
Evocations     | |  0.7

Action                   |  1- 3 |  4- 6 || total
-------------------------+-------+-------++-------
Melee: Long sword        |    66 |    65 ||   131
       Headbutt          |     5 |    12 ||    17
 Fire: Hunting sling     |       |    14 ||    14
  Use: Scroll            |       |     3 ||     3
Armor: Scale mail        |    25 |    20 ||    45
       Chain mail        |       |     7 ||     7
Dodge: Dodged            |    24 |    23 ||    47
Block: Kite shield       |    36 |    41 ||    77
       Rpst.: Long sword |     5 |     4 ||     9
